 Dungeon Crawl Stone Soup version 0.29.1-12-g30fa7ad0bf (webtiles) character file.

Game seed: 8421871409375983009

716 nightchill the Cudgeller (level 8, -3/64 HPs)
             Began as a Formicid Fighter on Dec 21, 2022.
             Slain by a mummy (15 damage)
             ... in an ossuary.
             The game lasted 00:12:42 (5381 turns).

nightchill the Cudgeller (Formicid Fighter)         Turns: 5381, Time: 00:12:43

Health: -3/64      AC:  9    Str: 23    XL:     8   Next: 1%
Magic:  8/8        EV:  9    Int:  8    God:
Gold:   221        SH:  5    Dex: 13    Spells: 7/7 levels left

rFire   . . .      SeeInvis +   a - +0 flail
rCold   . . .      Faith    .   c - +0 buckler
rNeg    . . .      Spirit   .   m - +0 scale mail
rPois   .          Reflect  .   (helmet unavailable)
rElec   .          Harm     .   t - scarf {repulsion}
rCorr   .          Rampage  .   y - +0 pair of gloves
Will    .....                   A - +0 pair of boots
Stlth   ..........              (no amulet)
HPRegen 0.20/turn               (no ring)
MPRegen 0.11/turn               (no ring)

@: mighty, repel missiles
A: permanent stasis, dig shafts and tunnels, antennae 3, four strong arms
a: Dig


You were in an ossuary.
You visited 1 branch of the dungeon, and saw 5 of its levels.
You also visited: Ossuary.

You collected 221 gold pieces.

Inventory:

Hand Weapons
 a - a +0 flail (weapon)
 b - a +1 dagger of venom
 w - a +0 spectral club
Missiles
 p - 3 boomerangs (quivered)
Armour
 c - a +0 buckler (worn)
 m - a +0 scale mail (worn)
 t - a scarf of repulsion (worn)
 y - a +0 pair of gloves (worn)
 A - a +0 pair of boots (worn)
Wands
 u - a wand of flame (18)
 v - a wand of digging (1)
 z - a wand of iceblast (4)
Scrolls
 f - 3 scrolls of teleportation {unknown}
 g - 5 scrolls of identify {unknown}
 k - a scroll of summoning {unknown}
 n - 3 scrolls of enchant armour {unknown}
 o - a scroll of fear {unknown}
 q - 2 scrolls of vulnerability {unknown}
 r - a scroll of blinking {unknown}
 C - 3 scrolls of immolation {unknown}
Potions
 e - a potion of haste {unknown}
 h - a potion of mutation {unknown}
 i - a potion of heal wounds {unknown}
 j - 2 potions of attraction {unknown}
 l - 5 potions of curing {unknown}
 s - 3 potions of lignification {unknown}
 x - 2 potions of flight {unknown}
 B - a potion of degeneration {unknown}


   Skills:
 + Level 6.1 Fighting
 * Level 7.0 Maces & Flails
 - Level 3.2 Armour
 - Level 4.0 Shields


You had 7 spell levels left.
You didn't know any spells.
Your spell library contained the following spells:

 Spells                   Type           Power      Damage    Failure   Level
 Freeze                   Ice            0%         1d3       80%         1
 Necrotise                Necr           0%         1d4       80%         1
 Ensorcelled Hibernation  Hex/Ice        0%         N/A       90%         2
 Passwall                 Tmut/Erth      0%         N/A       90%         2
 Frozen Ramparts          Ice            0%         1d1       99%         3
 Gell's Gravitas          Tloc           0%         N/A       99%         3
 Teleport Other           Tloc           0%         N/A       99%         3
 Vampiric Draining        Necr           0%         2d6       99%         3
 Hailstorm                Conj/Ice       0%         3d3       100%        4
 Agony                    Necr           0%         N/A       100%        5
 Dispersal                Tloc           0%         N/A       100%        6
 Swiftness                Air            Unusable   N/A       N/A         3

Dungeon Overview and Level Annotations

Branches:
Dungeon (5/15)            Ossuary (1/1)
 Temple: D:4-7

Altars:
Okawaru
Trog
Vehumet
The Shining One


Innate Abilities, Weirdness & Mutations

You cannot be hasted, slowed, berserked, paralysed or teleported.
You can dig through walls and to a lower floor.
You have a pair of large antennae on your head. (SInv)
Your four strong arms can wield two-handed weapons with a shield.


Message History

You hit the orc skeleton.
The orc skeleton is severely damaged.
The orc skeleton hits you but does no damage.
You hit the orc skeleton.
You destroy the orc skeleton!
No target in view!
You sock the goblin zombie!
You destroy the goblin zombie!
Menkaure, Prince of Dust comes into view.
Menkaure calls on the powers of darkness!
Your body is wracked with pain!
There are monsters nearby!
You feel very mighty all of a sudden.
Menkaure points at you and mumbles some strange words.
Pain shoots through your body! Menkaure barely misses you.
You hit Menkaure.
Menkaure is moderately damaged.
You sock Menkaure!
Menkaure is almost destroyed.
Menkaure gestures wildly while chanting.
Menkaure seems to speed up.
You hit Menkaure.
Menkaure is almost destroyed.
Menkaure casts a spell at you. Pain shoots through your body!
* * * LOW HITPOINT WARNING * * *
Menkaure hits you.
* * * LOW HITPOINT WARNING * * *
You hit Menkaure.
You destroy Menkaure!
Your Fighting skill increases to level 6!
Your Maces & Flails skill increases to level 7!
You have reached level 8!
You feel clever.
Unknown command.
You sock the rat skeleton!
You destroy the rat skeleton!
The mummy hits you!
You die...

##..##..## ##.{##..##..##
#..##..## ##..##..##..## ..##..##
##..##..##..## .##..##
##..##..##..## ##..## {
##..##.^##..## #..##
##{.##..##..## .... {
##..##..##..#
#######################..##..##..
................@M......{.##..##.
#############################..##
................................#
#################################


You could see a mummy.

Vanquished Creatures
  Menkaure (Ossuary)
  A black bear (D:4)
  2 orc priests (D:3)
  2 jellies
  Ijyb (D:3)
  An iguana (D:4)
  2 mummies (Ossuary)
  8 gnolls
  9 adders
  2 worms
  4 dart slugs
  5 orcs (D:3)
  9 ball pythons
  8 endoplasms
  2 giant cockroaches (D:1)
  7 goblins
  4 hobgoblins
  4 jackals (D:4)
  5 kobolds
  9 quokkas
  7 bats
  8 frilled lizards
  4 gnoll skeletons (Ossuary)
  6 gnoll zombies (Ossuary)
  5 goblin skeletons (Ossuary)
  3 goblin zombies (Ossuary)
  6 hobgoblin skeletons (Ossuary)
  6 hobgoblin zombies (Ossuary)
  2 kobold skeletons (Ossuary)
  4 kobold zombies (Ossuary)
  4 orc skeletons (Ossuary)
  3 orc zombies (Ossuary)
  9 rats
  2 rat skeletons (Ossuary)
  A rat zombie (Ossuary)
156 creatures vanquished.

Vanquished Creatures (others)
  35 plants
35 creatures vanquished.

Grand Total: 191 creatures vanquished

Notes
Turn   | Place    | Note
-------+----------+-------------------------------------------
     0 | D:1      | nightchill the Formicid Fighter began the quest for the
                  | Orb.
     0 | D:1      | Reached XP level 1. HP: 18/18 MP: 1/1
    49 | D:1      | Reached XP level 2. HP: 24/24 MP: 2/2
   333 | D:1      | Reached XP level 3. HP: 22/30 MP: 3/3
   336 | D:1      | Reached skill level 3 in Maces & Flails
   444 | D:1      | Found a faded altar of an unknown god.
   947 | D:2      | Reached XP level 4. HP: 34/37 MP: 4/4
  1197 | D:2      | Found a bloodstained altar of Trog.
  1796 | D:3      | Reached skill level 4 in Maces & Flails
  1891 | D:3      | Reached XP level 5. HP: 42/42 MP: 5/5
  2093 | D:3      | Found a radiant altar of Vehumet.
  2095 | D:3      | Noticed Ijyb
  2112 | D:3      | Killed Ijyb
  2625 | D:3      | Reached skill level 5 in Maces & Flails
  2625 | D:3      | Reached XP level 6. HP: 24/50 MP: 6/6
  2965 | D:3      | Reached skill level 5 in Fighting
  3559 | D:4      | Found a glowing golden altar of the Shining One.
  3844 | D:4      | Found an iron altar of Okawaru.
  3872 | D:4      | Noticed a black bear
  3879 | D:4      | Killed a black bear
  3880 | D:4      | Reached skill level 6 in Maces & Flails
  3880 | D:4      | Reached XP level 7. HP: 46/56 MP: 7/7
  4198 | D:5      | Entered Level 5 of the Dungeon
  4490 | D:5      | Found a sand-covered staircase.
  4495 | Ossuary  | Entered an ossuary
  5365 | Ossuary  | Noticed Menkaure
  5374 | Ossuary  | Killed Menkaure
  5375 | Ossuary  | Reached skill level 7 in Maces & Flails
  5375 | Ossuary  | Reached XP level 8. HP: 11/64 MP: 8/8
  5381 | Ossuary  | Slain by a mummy

Illustrated notes

Levels and vault maps discovered:
D:1:      mainiacjoe_arrival_reflecting_pool, layout_basic,
          basic_ecumenical_altar
D:2:      wad_woods_stonehenge, layout_basic, nrook_mini_vaults,
          serial_park_tiny_2, minivault_23, minmay_lizard_pond
D:3:      layout_basic, vehumet_altar_wand_db, serial_curves, eino_curves_02,
          eino_curves_02, serial_bayou_lagoon_b, uniq_ijyb
D:4:      layout_rooms, mainiacjoe_overflow_concentric_impassable,
          kennysheep_okawaru_gauntlet, serial_forest,
          infiniplex_forest_clump_curved, infiniplex_forest_clump_small,
          infiniplex_forest_clump_diagonal, infiniplex_forest_end_1,
          infiniplex_forest_zigzag_1, infiniplex_forest_end_2,
          infiniplex_forest_clump_diagonal, minmay_misc_feat_rows,
          minmay_unequal
D:5:      lemuel_ratsnest, layout_basic, enter_ossuary_2,
          minmay_misc_feat_square
Ossuary:  ossuary_due_pyramid

Skill      XL: |  1  2  3  4  5  6  7 |
---------------+----------------------+-----
Maces & Flails | 3 4 5 6 7 |  7.0
Fighting       | 4 5 6 |  6.1
Armour         | |  3.2
Shields        | |  4.0

Action                   |  1- 3 |  4- 6 |  7- 9 || total
-------------------------+-------+-------+-------++-------
Melee: Flail             |    93 |   225 |   158 ||   476
       Dagger            |     1 |       |       ||     1
Throw: Boomerang         |       |     5 |       ||     5
  Use: Potion            |       |     1 |     1 ||     2
Armor: Scale mail        |    38 |   125 |    45 ||   208
Dodge: Dodged            |    35 |   126 |    48 ||   209
       Repelled          |       |     1 |       ||     1
Block: Buckler           |    30 |    73 |    22 ||   125
